Map: Efflorescence LE

Players

KusH

  • Race: Protoss Protoss
  • Spawn Location: 12:00

Sengjoon

  • Race: Terran Terran
  • Spawn Location: 3:00

Throwfordays

  • Race: Protoss Protoss
  • League: Silver
  • Spawn Location: 9:00

Faust

  • Race: Zerg Zerg
  • League: Diamond
  • Spawn Location: 6:00

VOD

Have the link to the VOD?

Description

Time

  • Played on: Feb. 5, 2019, 8:59 p.m.
  • Length: 12:00
Show
View Real Time Build Order
Export as new Build Order

KusH Protoss 

Build Orders:  

Get SALT Encoding   

  12  0:01  Probe  
  13  0:13  Probe  
  14  0:20  Pylon  
  14  0:22  Probe  
  15  0:41  Gateway  
  15  0:45  Pylon  
  15  0:47  Probe  
  16  0:51  Assimilator  
  16  0:59  Probe  
  17  1:11  Probe  
  17  1:12  Gateway  
  18  1:23  Probe  
  19  1:31  Cybernetics Core  
  19  1:35  Probe  
  20  1:41  Assimilator  
  20  1:48  Probe  
  20  1:53  Warp Gate  
  21  2:00  Zealot  
  23  2:03  Probe  
  24  2:10  Stalker  
  24  2:14  Pylon  
  26  2:16  Probe  
  27  2:28  Zealot  
  28  2:34  Gateway  
  28  2:41  Stalker  
  30  2:57  Stalker  
  32  3:11  Stalker  
  34  3:16  Probe  
  34  3:19  Pylon  
  33  3:28  Probe  
  33  3:32  Sentry  
  33  3:33  Zealot  
  36  4:08  Sentry  
  36  4:09  Stalker  
  38  4:16  Pylon  
  38  4:24  Stalker  
  40  4:33  Twilight Council  
  40  4:38  Stalker x2  
  44  4:44  Forge  
  44  4:54  Gateway  
  44  5:01  Blink, Stalker  
  44  5:02  Protoss Ground Weapons Level 1, Stalker  
  44  5:04  Stalker  
  46  5:47  Stalker  
  46  5:48  Stalker x2  
  52  6:06  Stalker  
  52  6:13  Stalker  
  52  6:14  Stalker  
  52  6:17  Stalker  
  37  8:11  Probe  
  38  8:16  Protoss Ground Armor Level 1  
  38  8:19  Probe  
  39  8:27  Probe  
  39  8:32  Stalker x2  
  44  8:37  Probe  
  45  8:49  Probe  
  46  9:01  Probe  
  47  9:23  Nexus  
  47  9:31  Pylon  
  47  9:40  Pylon  
  47  9:44  Pylon  
  47  9:47  Probe  
  47  9:49  Pylon  
  48  9:55  Probe  
  48  9:56  Sentry  
  48  9:58  Sentry  
  53  10:00  Sentry  
  55  10:09  Probe  
  56  10:21  Probe  
  57  10:22  Gateway  
  57  10:37  Probe  
  57  10:38  Probe  
  59  10:49  Probe  
  60  10:50  Probe  
  61  11:01  Probe  
  61  11:02  Probe  
  63  11:14  Probe x2  
  65  11:23  Gateway  
  65  11:26  Probe x2  
  65  11:27  Gateway  
Show
View Real Time Build Order
Export as new Build Order

Sengjoon Terran 

Build Orders: 2 Factory, Command Center First (CC) 

Get SALT Encoding   

  12  0:01  SCV  
  13  0:13  SCV  
  14  0:18  Supply Depot  
  14  0:25  SCV  
  15  0:40  SCV  
  16  1:02  SCV  
  16  1:04  Command Center  
  17  1:14  SCV  
  18  1:26  Barracks  
  18  1:28  Barracks  
  18  1:31  SCV  
  19  1:38  Refinery  
  19  1:43  SCV  
  20  1:54  Refinery  
  20  1:56  SCV  
  20  2:01  Engineering Bay  
  21  2:08  SCV  
  22  2:15  Marine x2  
  24  2:18  SCV  
  24  2:20  SCV  
  26  2:35  Supply Depot  
  26  2:37  Marine  
  27  2:47  Marine  
  28  2:57  Barracks Tech Lab  
  28  3:04  Factory  
  28  3:08  SCV  
  28  3:12  SCV  
  30  3:19  Marine  
  30  3:20  Marine  
  32  3:28  Factory  
  32  3:30  SCV  
  32  3:31  SCV  
  34  3:43  Marine  
  35  3:51  Starport  
  35  3:58  Orbital Command  
  35  4:00  Siege Tank  
  38  4:06  SCV  
  32  4:18  Hellion  
  32  4:20  Marine  
  35  4:28  SCV  
  35  4:29  SCV  
  26  4:37  Siege Tank  
  29  4:40  SCV  
  29  4:44  SCV  
  31  4:52  SCV  
  32  4:53  Missile Turret  
  32  4:56  SCV  
  33  5:00  Missile Turret  
  33  5:10  Barracks Reactor  
  33  5:12  Supply Depot  
  29  5:31  SCV  
  29  5:42  SCV  
  29  5:44  SCV  
  29  5:47  Siege Tank  
  33  5:52  Liberator  
  33  5:53  Marine x2  
  33  5:54  Barracks Reactor  
  38  6:00  SCV  
  38  6:01  SCV  
  40  6:06  Hellion  
  42  6:17  Marine  
  42  6:18  Marine  
  44  6:19  SCV  
  44  6:21  SCV  
  46  6:38  Marine x3, Supply Depot, Viking  
  50  6:45  SCV  
  51  6:49  Missile Turret  
  51  6:53  Marine  
  52  7:02  Marine  
  52  7:03  Marine  
  48  7:08  Siege Tank  
  48  7:13  SCV  
  49  7:17  SCV  
  49  7:22  Marine x2, Factory Tech Lab  
  52  7:30  Armory  
  52  7:34  Starport Reactor  
  52  7:38  Marine  
  52  7:44  Siege Tank  
  56  7:49  SCV  
  56  7:50  SCV  
  58  7:58  Marine x3  
  61  8:07  SCV  
  62  8:16  Terran Infantry Weapons Level 1  
  62  8:19  Marine  
  62  8:22  Supply Depot  
  62  8:26  Orbital Command  
  60  8:31  Siege Tank  
  63  8:37  Missile Turret  
  63  8:53  Thor  
  69  8:59  SCV  
  69  9:01  SCV  
  71  9:05  Refinery  
  71  9:06  Refinery  
  71  9:10  Supply Depot, Terran Vehicle Weapons Level 1  
  71  9:19  Medivac  
  71  9:21  SCV x2  
  71  9:22  Marine x2  
  77  9:29  Supply Depot  
  77  9:34  SCV x2  
  79  9:43  Missile Turret  
  79  9:51  SCV  
  80  9:53  SCV  
  81  10:02  Thor  
  81  10:03  SCV  
  88  10:13  Command Center  
  88  10:16  SCV  
  88  10:18  SCV  
  90  10:32  Barracks Tech Lab  
  88  10:45  Thor  
  94  10:58  Barracks Reactor  
  94  11:00  SCV x2, Marauder  
  94  11:03  Supply Depot  
  98  11:12  SCV x2  
  100  11:22  Starport  
  106  11:40  Marine x2  
Show
View Real Time Build Order
Export as new Build Order

Throwfordays Protoss 

Build Orders: 1 Gate Expand 

Get SALT Encoding   

  12  0:00  Probe  
  13  0:12  Probe  
  14  0:18  Pylon  
  14  0:25  Probe  
  15  0:37  Probe  
  15  0:40  Gateway  
  16  0:49  Probe  
  17  1:12  Nexus  
  17  1:20  Pylon  
  17  1:29  Cybernetics Core  
  17  1:35  Assimilator  
  17  1:37  Probe  
  18  1:49  Probe  
  18  1:53  Warp Gate  
  20  2:01  Probe  
  20  2:05  Pylon  
  20  2:11  Assimilator  
  20  2:13  Probe  
  21  2:23  Probe  
  21  2:25  Probe  
  23  2:31  Probe  
  24  2:37  Probe  
  24  2:39  Probe  
  26  2:44  Gateway  
  26  2:46  Adept  
  26  2:50  Probe  
  28  2:53  Pylon  
  28  2:58  Probe  
  29  3:02  Probe  
  31  3:06  Probe  
  32  3:14  Gateway, Probe  
  33  3:20  Adept  
  33  3:26  Probe  
  36  3:30  Gateway  
  36  3:37  Stargate  
  36  3:38  Probe  
  36  3:39  Probe  
  38  3:50  Probe  
  38  3:51  Probe  
  40  4:01  Protoss Air Weapons Level 1  
  40  4:02  Assimilator, Probe  
  41  4:03  Probe  
  41  4:06  Assimilator  
  42  4:14  Probe  
  42  4:15  Probe  
  42  4:16  Forge  
  44  4:21  Twilight Council  
  44  4:27  Oracle, Probe x2  
  49  4:39  Probe x2  
  51  4:52  Stargate  
  51  5:04  Oracle  
  53  5:22  Stalker x2  
  53  5:27  Stalker  
  53  5:28  Stalker  
  51  6:00  Stalker x2  
  53  6:05  Pylon  
  53  6:07  Pylon  
  53  6:09  Pylon  
  53  6:10  Pylon  
  53  6:12  Pylon  
  53  6:17  Pylon  
  51  6:31  Stalker x2  
  43  6:53  Gateway  
  35  6:55  Pylon  
  35  6:57  Pylon  
  35  7:00  Gateway, Stalker  
  29  7:19  Stalker  
  27  7:43  Void Ray  
  20  7:51  Pylon  
  20  7:53  Pylon  
  20  8:06  Pylon  
  20  8:13  Pylon  
  20  8:16  Probe  
  18  8:28  Probe  
  19  8:40  Probe  
  20  8:49  Nexus  
  20  8:51  Pylon  
  20  8:54  Assimilator  
  20  8:56  Probe  
  21  9:06  Void Ray  
  21  9:08  Probe  
  26  9:21  Probe  
  27  9:29  Pylon  
  27  9:33  Probe  
  28  9:41  Pylon  
  28  9:45  Probe  
  29  9:57  Probe  
  30  10:08  Probe  
  30  10:09  Probe  
  32  10:17  Probe  
  32  10:18  Probe  
  33  10:25  Probe  
  33  10:26  Probe  
  34  10:34  Probe  
  36  10:35  Probe  
  38  10:46  Void Ray, Probe  
  38  10:47  Probe  
  44  10:58  Probe  
  44  10:59  Probe  
  46  11:10  Probe  
  47  11:12  Probe  
  48  11:22  Probe  
  49  11:30  Stalker x2  
Show
View Real Time Build Order
Export as new Build Order

Faust Zerg 

Build Orders: 1 Base Baneling Bust, Pool First 

Get SALT Encoding   

  12  0:01  Drone  
  13  0:09  Drone  
  13  0:13  Extractor  
  13  0:16  Drone  
  14  0:25  Overlord  
  15  0:41  Extractor  
  14  0:45  Spawning Pool  
  14  0:46  Drone  
  15  0:50  Drone  
  15  0:54  Drone  
  16  0:58  Drone  
  17  1:08  Overlord  
  17  1:32  Zergling x4, Queen  
  21  1:40  Zergling x2  
  21  1:42  Metabolic Boost  
  22  1:56  Zergling x2  
  23  2:10  Baneling Nest, Overlord  
  19  2:48  Zergling x4  
  19  2:49  Zergling x8  
  25  3:00  Baneling x3  
  25  3:11  Zergling x2  
  26  3:14  Overlord  
  26  3:32  Zergling x2  
  26  3:33  Zergling x6  
  30  3:45  Hatchery  
  30  3:46  Baneling x3  
  30  3:47  Zergling x2  
  30  3:51  Baneling  
  24  4:28  Zergling x2  
  24  4:29  Zergling x10  
  23  4:43  Zergling x2  
  24  4:54  Drone  
  24  4:56  Lair  
  24  4:59  Queen  
  27  5:00  Overlord  
  27  5:05  Drone x3  
  30  5:11  Drone  
  28  5:27  Zergling x6  
  30  5:36  Zergling x4  
  29  5:51  Baneling x2  
  29  5:55  Zergling x6  
  29  5:56  Zergling x2  
  32  6:02  Zergling x8  
  33  6:11  Zergling x6  
  33  6:12  Zergling x2  
  36  6:23  Zergling x2  
  33  6:29  Zergling x8  
  34  6:38  Queen  
  36  6:50  Zergling x8  
  36  7:08  Zergling x2  
  36  7:09  Zergling x8  
  36  7:15  Zergling x2  
  41  7:30  Zergling x10  
  45  7:51  Baneling x3  
  45  7:52  Baneling x3  
  36  8:13  Drone x9  
  43  8:24  Drone x2  
  43  8:25  Drone x2  
  40  9:07  Drone  
  40  9:08  Zergling x2, Drone x3  
  40  9:09  Zergling x12  
  49  9:15  Evolution Chamber  
  48  9:17  Evolution Chamber  
  48  9:19  Drone  
  48  9:22  Infestation Pit  
  47  9:30  Drone x2  
  49  9:34  Drone  
  49  9:35  Drone  
  49  9:37  Drone  
  52  9:47  Zerg Melee Weapons Level 1  
  52  9:48  Zerg Ground Armor Level 1  
  52  9:53  Extractor, Overlord x3  
  51  10:12  Hatchery  
  50  10:19  Drone x3  
  50  10:20  Drone x2  
  50  10:21  Drone  
  55  10:39  Zergling x14  
  55  10:42  Hive  
  62  10:47  Extractor  
  62  10:48  Extractor  
  60  10:53  Drone x2  
  60  10:54  Drone  
  63  11:10  Drone x2  
  65  11:12  Drone  
  66  11:21  Hydralisk Den  
  58  11:35  Baneling x2  
  58  11:36  Baneling x5  
  58  11:37  Zergling x4  
  58  11:38  Zergling x6  
Tags
 
Add a new tag
Caveats
  • Supply blocks, unpowered buildings, or Contaminate may cause inaccurate times.
  • Supply counts are checked every 10 seconds.